AoeStats
← germanp80

Arabia

516428362Analyzed
1v1 RM · 7d ago on Oct 26, 2026· 39m 43s· 2 players
Game mode
Random Map
Map size
Tiny (2 player)
Population
200
Speed
Normal
Resources
Standard
Victory
Conquest
Starting age
Dark Age
Ending age
Imperial Age
RankedLock teamsTeams togetherTeam positionsShared explorationLock speedFull tech treeHidden civsTurbo modeCheats
Victory
Defeat
🇺🇸 Burgundians · United States
594
+13
vs
🇦🇷 Franks · Argentina
530
-13
germanp80
12:34 Feudal Age
12:47 Loom
14:39 Scale Barding Armor
15:17 Double-Bit Axe
17:00 Wheelbarrow
21:39 Castle Age
22:30 Husbandry
31:08 Hand Cart
36:10 Bow Saw
RedBeard252
0:51 Loom
2:29 Loom
11:00 Wheelbarrow
11:57 Feudal Age
13:02 Feudal Age
14:38 Double-Bit Axe
14:36 Horse Collar
16:49 Heavy Plow
18:57 Hand Cart
21:09 Castle Age
19:11 Gold Mining
19:38 Stone Mining
21:07 Stone Shaft Mining
21:24 Gold Shaft Mining
20:46 Arson
22:15 Forging
23:05 Scale Barding Armor
24:22 Bow Saw
26:06 Fervor
26:42 Pikeman
27:23 Squires
36:18 Imperial Age
35:52 Chain Barding Armor
35:33 Scale Mail Armor
36:09 Iron Casting
35:37 Fletching
36:37 Crop Rotation
38:09 Plate Barding Armor
37:50 Chain Mail Armor
40:05 Blast Furnace
39:01 Bodkin Arrow
40:39 Conscription
Connection lost

Rejoining the realm…

Still unreachable

The connection could not be restored.

Session expired

The server has moved on; the page needs a fresh start.